 Dungeon Crawl Stone Soup version 0.23.2 (webtiles) character file.

Game seed: 17183791913754389753

4519 ABBCCCDDDD the Magician (level 10, 0/69 HPs)
             Began as an Octopode Earth Elementalist on Apr 9, 2019.
             Was a Priest of Dithmenos.
             Slain by an ice beast (14 damage)
             ... on level 8 of the Dungeon.
             The game lasted 00:19:33 (10150 turns).

ABBCCCDDDD the Magician (OpEE)                     Turns: 10150, Time: 00:19:33

Health: 0/69       AC:  1    Str:  5    XL:     10   Next: 39%
Magic:  2/21       EV: 17    Int: 20    God:    Dithmenos [***...]
Gold:   389        SH:  0    Dex: 17    Spells: 18/24 levels left

rFire    . . .     SeeInvis .   g - +6 whip of the Original Sin {slash, Dex+4}
rCold    . . .     Gourm    .   (no shield)
rNeg     . . .     Faith    +   (helmet restricted)
rPois    .         Spirit   .   s - amulet of faith
rElec    .         Reflect  .   A - -3 ring of strength (curse)
rCorr    .         Harm     .   (no ring)
MR       .....                  (no ring)
Stlth    +++++.....             (no ring)
HPRegen  0.21/turn              (no ring)
MPRegen  0.17/turn              (no ring)
                                (no ring)
                                (no ring)

@: flying, very slightly contaminated, wreathed by umbra
A: almost no armour, stealthy swim, amphibious, 8 rings, constrict 8, camouflage
1, gelatinous body 1
a: Shadow Step, Renounce Religion


You were on level 8 of the Dungeon.
You worshipped Dithmenos.
Dithmenos was most pleased with you.
You were hungry.

You visited 2 branches of the dungeon, and saw 9 of its levels.
You also visited: Ossuary.

You collected 389 gold pieces.

Inventory:

Hand Weapons
 d - a +0 dagger
 g - the +6 whip of the Original Sin (weapon) {slash, Dex+4}
   (You found it on level 6 of the Dungeon)

   It inflicts extra damage upon your enemies.
   It affects your dexterity (+4).
 k - a +2 spear of freezing
 q - a +3 short sword of speed
 E - a +0 great sword
Missiles
 b - 126 stones (quivered)
Armour
 l - a +0 shield
Magical Staves
 m - an uncursed staff of cold {unknown}
Jewellery
 s - an amulet of faith (around mantle)
 A - a cursed -3 ring of strength (left tentacle)
Wands
 w - a wand of random effects (11)
 x - a wand of polymorph (5)
 z - a wand of digging (3)
 B - a wand of scattershot (5)
 G - a wand of disintegration (13)
Scrolls
 a - 5 scrolls of enchant armour
 f - 6 scrolls of teleportation
 j - 2 scrolls of blinking {unknown}
 o - 4 scrolls of enchant weapon
 p - 2 scrolls of immolation {unknown}
 t - 4 scrolls of remove curse
 y - a scroll of magic mapping {unknown}
 D - a scroll of identify
 F - a scroll of acquirement {unknown}
Potions
 e - 3 potions of lignification
 h - 7 potions of flight
 i - 2 potions of curing
 n - 4 potions of brilliance {unknown}
 r - 2 potions of agility {unknown}
 u - 2 potions of degeneration {unknown}
 v - a potion of resistance {unknown}
 C - a potion of berserk rage {unknown}
Comestibles
 c - 15 rations
 H - 4 chunks of flesh


   Skills:
 + Level 6.3 Fighting
 + Level 6.3 Dodging
 - Level 4.0 Stealth
 + Level 7.8 Spellcasting
 - Level 7.0 Conjurations
 - Level 1.0 Transmutations
 - Level 5.1 Earth Magic
 + Level 1.6 Invocations


You had 18 spell levels left.
You knew the following spells:

 Your Spells              Type           Power        Failure   Level  Hunger
a - Sandblast             Erth           ####..       1%          1    None
b - Stone Arrow           Conj/Erth      ####..       2%          3    None
c - Passwall              Tmut/Erth      ###.....     3%          2    None

Your spell library contained the following spells:

 Spells                   Type           Power        Failure   Level  Hunger
 Petrify                  Tmut/Erth      ###.....     24%         4    ###....
 Lee's Rapid Deconstruct  Erth           ####......   30%         5    #####..


Dungeon Overview and Level Annotations

Branches:
Dungeon (8/15)             Temple (1/1) D:4            Lair (0/6) D:8

Altars:
Ashenzari
Cheibriados
Dithmenos
Elyvilon
Fedhas
Gozag
Hepliaklqana
Kikubaaqudgha
Makhleb
Nemelex Xobeh
Okawaru
Qazlal
Ru
Sif Muna
Trog
Uskayaw
Vehumet
Wu Jian
Xom
Yredelemnul
Zin
The Shining One

Annotations:
D:8 Grum


Innate Abilities, Weirdness & Mutations

You cannot wear most types of armour.
You are very stealthy in the water. (Stealth+)
You are amphibious.
You can wear up to eight rings at the same time.
You can use your tentacles to constrict eight enemies at once.
Your skin changes colour to match your surroundings (Stealth+).
Your rubbery body absorbs attacks. (AC +1, EV +1)


Message History

Aiming: Sandblast (safe; 1% risk of failure)
Press: ? - help, Shift-Dir - straight line, f/p - ice beast
Aim: an ice beast (severely wounded, umbra)
The blast of sand hits the ice beast.
The ice beast is severely wounded.
b - 127 stones You are feeling hungry.
The ice beast misses you.
Casting: Sandblast (safe; 1% risk of failure)
Confirm with . or Enter, or press ? or * to list all spells.
Aiming: Sandblast (safe; 1% risk of failure)
Press: ? - help, Shift-Dir - straight line, f/p - ice beast
Aim: an ice beast (severely wounded, umbra)
The blast of sand hits the ice beast but does no damage.
The ice beast is severely wounded.
b - 126 stones The ice beast hits you.
* * * LOW HITPOINT WARNING * * *
The ice beast freezes you!
You die...

##.......##.######.##..####..
##........##........#...$.....
..#$.........######....#+####.
#....#####...# ####......#
##...#####...# #.........#
P..#.#.......# #.........#
P.≈#.........# #.........#
P..#.#.......#####+###'#.##
##.†.#.......#..@Yh....#..#
#............#.###........###
.)#....####### #####......#
##)..### #...$..#.# #.#.##
#......#.# #)#.#####..
##.....#.# #........#
##...##.# #.#.###.## #....#.#
###.# #....#.#


You could see an ice beast and a hound.

Vanquished Creatures
  Pikel (D:4)
  Psyche (D:8)
  A hippogriff (D:7)
  2 wyverns (D:8)
  A hungry ghost (D:7)
  A slave (D:5)
  4 ice beasts
  An orc warrior (D:6)
  A phantom (D:6)
  2 sky beasts
  2 centaurs
  2 ogres
  4 bullfrogs
  A water moccasin zombie (Ossuary)
  A water moccasin skeleton (D:6)
  2 scorpions
  7 killer bees
  3 howler monkeys
  A centaur zombie (D:8)
  2 crimson imps
  A bullfrog zombie (D:6)
  A hound (D:6)
  2 jellies
  10 orc wizards
  A centaur skeleton (D:5)
  3 orc priests
  Terence (D:2)
  An iguana (D:5)
  5 worker ants
  3 big kobold zombies (Ossuary)
  3 hound zombies
  A hound skeleton (D:5)
  A howler monkey zombie (D:8)
  3 mummies
  7 gnolls
  A howler monkey skeleton (D:6)
  9 adders
  A shadow imp (D:7)
  2 oozes
  6 adder zombies
  2 worms
  A dart slug (D:1)
  4 leopard geckos
  12 orcs
  3 giant cockroaches
  9 goblins
  8 hobgoblins
  10 jackals
  6 quokkas
  5 bats
  A frilled lizard (D:2)
  2 hobgoblin zombies (Ossuary)
  5 kobolds
  3 kobold zombies (Ossuary)
  A leopard gecko zombie (D:5)
  5 orc zombies (Ossuary)
  A quokka skeleton (D:4)
  4 rats
184 creatures vanquished.

Notes
Turn   | Place    | Note
-------+----------+-------------------------------------------
     0 | D:1      | ABBCCCDDDD the Octopode Earth Elementalist began the quest
                  | for the Orb.
     0 | D:1      | Reached XP level 1. HP: 11/11 MP: 3/3
   237 | D:1      | Reached XP level 2. HP: 18/18 MP: 5/5
   424 | D:1      | Reached skill level 1 in Fighting
   604 | D:2      | Noticed Terence
  1024 | D:2      | Found a faded altar of an unknown god.
  1029 | D:2      | Reached XP level 3. HP: 23/23 MP: 4/6
  2088 | D:3      | Reached XP level 4. HP: 29/29 MP: 7/7
  2181 | D:2      | Killed Terence
  2394 | D:3      | Found a bloodstained altar of Trog.
  2729 | D:3      | Found an ornate altar of the Wu Jian Council.
  2732 | D:3      | Found a stormy altar of Qazlal.
  2735 | D:3      | Found an opulent altar of Gozag.
  3018 | D:3      | Reached XP level 5. HP: 35/35 MP: 8/8
  3248 | D:4      | Learned a level 3 spell: Stone Arrow
  3316 | D:4      | Found a staircase to the Ecumenical Temple.
  3321 | Temple   | Entered the Ecumenical Temple
  3383 | Temple   | Became a worshipper of Dithmenos the Shadowed
  3733 | D:4      | Reached skill level 1 in Conjurations
  3808 | D:4      | Found a glowing silver altar of Zin.
  4193 | D:4      | Reached XP level 6. HP: 42/42 MP: 9/9
  4303 | D:5      | Entered Level 5 of the Dungeon
  4303 | D:5      | Noticed an ice beast
  4453 | D:5      | Killed an ice beast
  4453 | D:5      | Reached skill level 5 in Earth Magic
  4612 | D:5      | Reached XP level 7. HP: 46/46 MP: 3/11
  4739 | D:5      | Found an ancient bone altar of Kikubaaqudgha.
  5011 | D:5      | Noticed Pikel
  5063 | D:6      | Learned a level 2 spell: Passwall
  5109 | D:6      | Got a scorched whip
  5219 | D:6      | Identified the +6 whip of the Original Sin {slash, Dex+4}
                  | (You found it on level 6 of the Dungeon)
  5235 | D:6      | Reached skill level 5 in Conjurations
  5367 | D:6      | Reached * piety under Dithmenos
  5454 | D:6      | Found a radiant altar of Vehumet.
  5508 | D:6      | Reached XP level 8. HP: 52/52 MP: 7/12
  5984 | D:4      | Killed Pikel
  7197 | D:6      | Reached skill level 5 in Fighting
  7197 | D:6      | Reached XP level 9. HP: 61/61 MP: 6/13
  7493 | D:6      | Reached skill level 5 in Dodging
  7951 | D:7      | Found a hazy altar of Hepliaklqana.
  8044 | D:7      | Found a basalt altar of Yredelemnul.
  8063 | D:7      | Reached ** piety under Dithmenos
  8622 | D:6      | Reached skill level 5 in Spellcasting
  9111 | D:8      | Noticed Grum
  9352 | D:8      | Reached XP level 10. HP: 68/68 MP: 15/19
  9660 | D:8      | Found a sand-covered staircase.
  9669 | Ossuary  | Entered an ossuary
  9732 | Ossuary  | Reached *** piety under Dithmenos
  9933 | D:8      | Found a staircase to the Lair.
  9934 | D:8      | Noticed Psyche
  9954 | D:8      | Killed Psyche
  9954 | D:8      | Reached skill level 1 in Invocations
 10109 | D:8      | HP: 3/69 [killer bee (9)]
 10150 | D:8      | Slain by an ice beast

Skill      XL: |  1  2  3  4  5  6  7  8  9 10 |
---------------+-------------------------------+-----
Stealth        | 3 4 |  4.0
Fighting       | 1 2 3 5 6 |  6.3
Earth Magic    | 4 5 |  5.1
Conjurations   | 1 2 5 7 |  7.0
Spellcasting   | 3 6 7 |  7.8
Dodging        | 4 6 |  6.3
Invocations    | 1 |  1.6
Transmutations | |  1.0

Action                   |  1- 3 |  4- 6 |  7- 9 | 10-12 || total
-------------------------+-------+-------+-------+-------++-------
Melee: Dagger            |    46 |    38 |       |       ||    84
       Constrict         |    10 |    18 |    29 |    16 ||    73
       Unarmed           |     3 |       |       |       ||     3
       Tentacles         |     5 |     8 |    19 |    20 ||    52
       Short sword       |       |    19 |    11 |       ||    30
       Whip              |       |       |   119 |    75 ||   194
Throw: Stone             |       |     3 |     4 |       ||     7
 Cast: Sandblast         |    23 |    35 |    77 |    22 ||   157
       Stone Arrow       |       |     1 |    38 |    20 ||    59
Evoke: Wand              |       |       |       |     2 ||     2
  Use: Scroll            |       |       |     8 |     1 ||     9
       Potion            |       |       |       |     3 ||     3
 Stab: Sleeping          |    11 |     5 |     8 |     8 ||    32
  Eat: Chunk             |     4 |     7 |    19 |     2 ||    32
Armor: Skin              |     1 |    10 |     2 |     4 ||    17
Dodge: Dodged            |    26 |    36 |   152 |   127 ||   341
